 Dungeon Crawl Stone Soup version 0.18-a0-844-g9229740 (webtiles) character file.

405 JokEr the Insei (level 6, -8/43 HPs)
             Began as an Octopode Transmuter on Dec 19, 2015.
             Killed by nerve-wracking pain
             ... invoked by Grinder
              (10 damage)
             ... on level 3 of the Dungeon.
             The game lasted 00:13:29 (5089 turns).

JokEr the Insei (Octopode Transmuter)               Turns: 5089, Time: 00:13:30

Health: -8/43      AC:  1    Str: 10    XL:     6   Next: 87%
Magic:  9/9        EV: 12    Int: 17    God:
Gold:   118        SH:  0    Dex: 12    Spells: 2 memorised, 4 levels left

rFire  . . .     SeeInvis .       - Unarmed
rCold  . . .     Gourm    .     (no shield)
rNeg   . . .     Faith    .     (helmet restricted)
rPois  .         Spirit   .     (no amulet)
rElec  .         Dismiss  .     (no ring)
rCorr  .         Reflect  .     (no ring)
SustAt .         Harm     .     (no ring)
MR     .....                    (no ring)
Stlth  ++........               (no ring)
                                (no ring)
                                (no ring)
                                (no ring)

@: appendage, not resistant to hostile enchantments, unstealthy
A: almost no armour, amphibious, 8 rings, constrict 8, tentacle spike 3,
camouflage 1, gelatinous body 1
a: End Transformation


You were on level 3 of the Dungeon.
You were hungry.
One of your tentacles had a temporary spike.
You visited 1 branch of the dungeon, and saw 3 of its levels.
You also visited: Sewer.

You collected 118 gold pieces.

Inventory:

Missiles
 a - 12 arrows
Scrolls
 j - 3 scrolls of remove curse
 m - a scroll of enchant weapon {unknown}
 n - a scroll of teleportation
 o - a scroll of fog {unknown}
 q - a scroll of amnesia
Potions
 d - a potion of berserk rage {unknown}
 e - 2 potions of cure mutation
 f - a potion of lignification {unknown}
 h - a potion of mutation {unknown}
 i - 2 potions of brilliance {unknown}
 k - a potion of invisibility {unknown}
 p - a potion of flight {unknown}
Books
 b - a book of Changes

   Spells                             Type                      Level
   a - Beastly Appendage              Transmutation                1
   b - Sticks to Snakes               Transmutation                2
   c - Spider Form                    Transmutation/Poison         3
   d - Ice Form                       Ice/Transmutation            4
   e - Blade Hands                    Transmutation                5
Comestibles
 c - a bread ration
 g - 2 slices of pizza
 l - 2 meat rations


   Skills:
 + Level 3.8 Fighting
 - Level 2.0 Dodging
 + Level 4.7 Unarmed Combat
 - Level 2.0 Spellcasting
 - Level 3.4 Transmutations
 + Level 2.8 Ice Magic


You had 4 spell levels left.
You knew the following spells:

 Your Spells              Type           Power        Failure   Level  Hunger
a - Beastly Appendage     Trmt           ##....       6%          1    #......
b - Ice Form              Ice/Trmt       ##......     58%         4    #####..


Dungeon Overview and Level Annotations

Branches:
Dungeon (3/15)

Altars:
Makhleb
Trog
The Shining One

Annotations:
D:3 Grinder


Innate Abilities, Weirdness & Mutations

You cannot wear most types of armour.
You are amphibious.
You can wear up to eight rings at the same time.
You can use your tentacles to constrict eight enemies at once.
Your skin changes colour to match your surroundings (Stealth).
Your rubbery body absorbs attacks (AC +1).
One of your tentacles bears a large vicious spike.


Message History

Grinder is moderately wounded.
You constrict Grinder, but do no damage.
Grinder hits you!
You writhe in agony.
You tentacle-slap Grinder. You squeeze Grinder.
Grinder is heavily wounded.
You constrict Grinder. Grinder hits you!
You writhe in agony.
Drink which item? (? for menu, Esc to quit)
Okay, then.
You tentacle-slap Grinder. You squeeze Grinder.
Grinder is severely wounded.
You constrict Grinder. Grinder hits you.
* * * LOW HITPOINT WARNING * * *
You writhe in agony.
* * * LOW HITPOINT WARNING * * *
You barely miss Grinder. You squeeze Grinder, but do no damage.
Grinder is almost dead.
You constrict Grinder. Grinder gestures at you. Pain shoots through your body!
You die...

####.# # #.# #....# #
##.# #.#### # ##### ..#
#.# ###### # ##...## ..#
#.# #....#### #≈...≈##
#.# #.# #.##.##..
#.≈#≈.≈# #.# #.#
#.##.##.# #≈≈#≈≈≈#
##5#####.###.##.##.#
#≈≈#≈b≈#
#.[@.........##(##>#
#≈≈#bb≈#
##.#.##########.##.#
#≈≈#b.b# #.#.# ##..##.#
##≈≈#≈≈≈# #.#.# ##.#.##.#
#.≈.##... #.#.#
##.###.#.#
#≈≈≈###..≈###.#.######.##
##..#
#..##.#####.#.........##
##).
#.(........<.##.######.##
##..# ###########.###.#
##.###.###


You could see Grinder.

Vanquished Creatures
  A giant frog (Sewer)
  17 adders
  6 oozes (Sewer)
  2 worms (D:2)
  19 giant geckos
  6 orcs (D:3)
  11 bats
  14 giant cockroaches
  12 goblins
  7 hobgoblins
  12 ball pythons
  10 giant newts
  8 kobolds
  7 rats
132 creatures vanquished.

Notes
Turn   | Place    | Note
--------------------------------------------------------------
     0 | D:1      | JokEr the Octopode Transmuter began the quest for the Orb.
     0 | D:1      | Reached XP level 1. HP: 13/13 MP: 3/3
   138 | D:1      | Reached XP level 2. HP: 15/18 MP: 5/5
   796 | D:2      | Reached XP level 3. HP: 18/24 MP: 6/6
  1481 | D:2      | Reached XP level 4. HP: 18/30 MP: 5/7
  2136 | D:3      | Found a glowing drain.
  2221 | Sewer    | Entered a sewer
  2231 | Sewer    | Reached XP level 5. HP: 29/35 MP: 6/8
  2354 | Sewer    | Learned a level 4 spell: Ice Form
  2382 | Sewer    | Reached skill level 4 in Unarmed Combat
  2463 | Sewer    | Reached skill level 1 in Ice Magic
  2791 | Sewer    | HP: 1/36 [poisoned by an adder]
  3549 | Sewer    | Reached XP level 6. HP: 37/42 MP: 6/9
  4452 | D:3      | Found a burning altar of Makhleb.
  4455 | D:3      | Found a glowing golden altar of the Shining One.
  4456 | D:3      | Found a bloodstained altar of Trog.
  4633 | D:3      | Found a faded altar to an unknown god.
  5054 | D:3      | Noticed Grinder
  5088 | D:3      | HP: 2/43 [Grinder (6)]
  5089 | D:3      | Killed from afar by Grinder

Vault maps used:
D:1:      dpeg_arrival_signposts
D:3:      grunt_temple_overflow_open, gup_sewer_entry_pipe, ecumenical_altar_2,
          st_stairs_4, uniq_grinder
Sewer:    sewer_frog_island_02

Action                   |  1- 3 |  4- 6 || total
-------------------------+-------+-------++-------
Melee: Unarmed           |    85 |   251 ||   336
 Cast: Beastly Appendage |    23 |    55 ||    78
  Use: Scroll            |     4 |     6 ||    10
       Potion            |       |     1 ||     1
 Stab: Sleeping          |    11 |    10 ||    21
  Eat: Chunk             |     2 |    12 ||    14
